 Dungeon Crawl Stone Soup version 0.28.0-43-g3370ac3207 (webtiles) character file.

Game seed: 2617149798719943840

9 Peloso the Covered (level 2, -1/27 HPs)
             Began as a Minotaur Fighter on Mar 27, 2022.
             Frozen to death by an endoplasm (5 damage)
             ... on level 1 of the Dungeon.
             The game lasted 00:00:19 (71 turns).

Peloso the Covered (Minotaur Fighter)                 Turns: 71, Time: 00:00:20

Health: -1/27      AC:  7    Str: 20    XL:     2   Next: 6%
Magic:  1/1        EV:  9    Int:  5    God:
Gold:   9          SH:  4    Dex:  9    Spells: 1/1 levels left

rFire   . . .      SeeInvis .   a - +0 long sword
rCold   . . .      Faith    .   c - +0 buckler
rNeg    . . .      Spirit   .   b - +0 scale mail
rPois   .          Reflect  .   (helmet restricted)
rElec   .          Harm     .   (no cloak)
rCorr   .          Rampage  .   (no gloves)
Will    .....                   (no boots)
Stlth   ..........              (no amulet)
HPRegen 0.09/turn               (no ring)
MPRegen 0.07/turn               (no ring)

@: no status effects
A: horns 2, retaliatory headbutt
a: no special abilities


You were on level 1 of the Dungeon.
You visited 1 branch of the dungeon, and saw 1 of its levels.

You collected 9 gold pieces.

Inventory:

Hand Weapons
 a - a +0 long sword (weapon)
Armour
 b - a +0 scale mail (worn)
 c - a +0 buckler (worn)
Scrolls
 e - a scroll of blinking {unknown}
Potions
 d - a potion of might
 f - a potion of flight {unknown}


   Skills:
 + Level 3.6 Fighting
 + Level 2.6 Long Blades
 + Level 4.1 Armour
 + Level 3.8 Shields


You had one spell level left.
You didn't know any spells.
Your spell library was empty.

Dungeon Overview and Level Annotations

Branches:
Dungeon (1/15)

Altars:


Innate Abilities, Weirdness & Mutations

You have a pair of horns on your head.
You reflexively headbutt those who attack you in melee.


Message History

An endoplasm comes into view.
The goblin hits you but does no damage.
The jackal bites you but does no damage.
The ball python bites you but does no damage.
The ball python constricts you.
Your Armour skill increases to level 4!
You have reached level 2!
The ball python's grasp on you weakens, but your attempt to escape fails.
You block the jackal's attack. The goblin hits you with a +0 dagger.
* * * LOW HITPOINT WARNING * * *
The ball python bites you.
* * * LOW HITPOINT WARNING * * *
The ball python constricts you.
You escape the ball python's grasp.
The goblin hits you with a +0 dagger.
* * * LOW HITPOINT WARNING * * *
The jackal bites you but does no damage.
The endoplasm jiggles.
The jackal barely misses you. The jackal barely misses you.
You block the jackal's attack. The jackal barely misses you.
The jackal bites you but does no damage.
You block the jackal's attack.
A frilled lizard comes into view.
The frilled lizard hisses angrily.
The jackal bites you but does no damage.
The frilled lizard closely misses you. The jackal barely misses you.
The frilled lizard unfolds its giant frill.
The jackal barely misses you. You furiously retaliate!
You headbutt the jackal!
You kill the jackal!
You block the jackal's attack. You block the jackal's attack.
You block the ball python's attack. The ball python grabs you.
The ball python constricts you.
* * * LOW HITPOINT WARNING * * *
You escape the ball python's grasp.
The endoplasm jiggles.
The endoplasm freezes you.
You are frozen.
You die...

.. #..#....)#......... ..#
##.#.....#......... ...##
#.#.....#.........
#..?#######.#..<..#.†.......
#...g.S...#.....#.........
##.J#####.#.....#g........
##.# #.#.....#......... #Sg#
#.#...J.#l........ #..)#
#....@.S.h.#..#### ....#..
#####...#####.# ######J##
#..## ..# ... #.## #.# ...
#.# .# ... #.# ....> ..# ###


You could see an endoplasm, a jackal, a goblin, a ball python and a frilled
lizard.

Vanquished Creatures
  A dart slug (D:1)
  A goblin (D:1)
  2 hobgoblins (D:1)
  A jackal (D:1)
  A quokka (D:1)
6 creatures vanquished.

Notes
Turn   | Place    | Note
-------+----------+-------------------------------------------
     0 | D:1      | Peloso the Minotaur Fighter began the quest for the Orb.
     0 | D:1      | Reached XP level 1. HP: 19/19 MP: 0/0
    38 | D:1      | Reached skill level 4 in Armour
    38 | D:1      | Reached XP level 2. HP: 10/27 MP: 1/1
    71 | D:1      | Frozen to death by an endoplasm

Illustrated notes

Levels and vault maps discovered:
D:1:      minmay_arrival_semitransparent, layout_rooms, basic_ecumenical_altar,
          minmay_misc_feat_iff, st_stairs_1

Skill      XL: |  1 |
---------------+----+-----
Armour         | 4 |  4.1
Fighting       | |  3.6
Long Blades    | |  2.6
Shields        | |  3.8

Action                   || total
-------------------------++-------
Melee: Long sword        ||    13
       Headbutt          ||     2
Armor: Scale mail        ||    22
Dodge: Dodged            ||    11
Block: Buckler           ||    20
